General information
- name: BNet
- type: Ladder team game (AT/RT)
- host: Battle.net
- saver: 238942374897239
map: GolemsInTheMist
- players: 8
- length: 23:39
- speed: Fast
- version: 1.26 W3XP
- replay type: Public
» download(144 KB)
Players
team 1 (loser)

»
KillaManJahRo (
blue | 49 APM | 1131 actions | 23:04)
5 Blademaster
2 Wind Walk
3 Critical Strike
» actions
| Assign group hotkey | 19 | |
| Basic commands | 74 | |
| Build / train | 57 | |
| ESC pressed | 1 | |
| Enter build submenu | 18 | |
| Enter hero's abilities submenu | 5 | |
| Right click | 497 | |
| Select / deselect | 240 | |
| Select group hotkey | 161 | |
| Use ability | 59 | |
1131 total
» units
| Peon | 13 | |
| Grunt | 3 | |
| Wind Rider | 7 | |
| Raider | 5 | |
| Troll Batrider | 4 | |
| Demolisher | 3 | |
35 total
» upgrades
| Ranged Weapons | 1 | |
| Pillage | 1 | |
| Ensnare | 1 | |
3 total
» buildings
| Altar of Storms | 1 | |
| Orc Burrow | 8 | |
| Voodoo Lounge | 2 | |
| Barracks | 1 | |
| Stronghold | 1 | |
| War Mill | 1 | |
| Beastiary | 2 | |
| Fortress | 1 | |
| Watch Tower | 1 | |
18 total
» build order
00:08 Altar of Storms
00:12 Orc Burrow
00:57 Voodoo Lounge
01:14 Orc Burrow
02:17 Barracks
03:21 Stronghold
03:42 War Mill
05:53 Beastiary
05:56 Orc Burrow
06:20 Beastiary
06:40 Orc Burrow
08:14 Orc Burrow
09:17 Orc Burrow
17:00 Orc Burrow
17:23 Fortress
18:02 Watch Tower
19:12 Orc Burrow
20:57 Voodoo Lounge
» items
| Healing Salve | 4 | |
| Lesser Clarity Potion | 3 | |
| Scroll of Regeneration | 1 | |
| Scroll of Town Portal | 1 | |
| Potion of Healing | 1 | |
| Potion of Mana | 1 | |
11 total

»
GIMME_BLUMPKIN (
yellow | 22 APM | 500 actions | 23:10)
5 Death Knight
2 Death Coil
3 Unholy Aura
» actions
| Assign group hotkey | 5 | |
| Build / train | 44 | |
| Enter build submenu | 21 | |
| Enter hero's abilities submenu | 6 | |
| Right click | 219 | |
| Select / deselect | 163 | |
| Select group hotkey | 8 | |
| Use ability | 34 | |
500 total
» units
| Acolyte | 6 | |
| Ghoul | 4 | |
| Crypt Fiend | 9 | |
| Goblin Shredder | 1 | |
| Obsidian Statue | 2 | |
| Frost Wyrm | 5 | |
27 total
» upgrades
| Creature Attack | 2 | |
| Web | 1 | |
| Creature Carapace | 1 | |
| Freezing Breath | 1 | |
5 total
» buildings
| Ziggurat | 9 | |
| Altar of Darkness | 1 | |
| Crypt | 1 | |
| Graveyard | 1 | |
| Nerubian Tower | 1 | |
| Halls of the Dead | 1 | |
| Tomb of Relics | 1 | |
| Black Citadel | 1 | |
| Slaughterhouse | 1 | |
| Sacrificial Pit | 1 | |
| Boneyard | 3 | |
| Spirit Tower | 2 | |
23 total
» build order
00:46 Ziggurat
00:49 Altar of Darkness
00:54 Crypt
00:58 Ziggurat
01:21 Graveyard
02:23 Nerubian Tower
03:26 Ziggurat
03:52 Halls of the Dead
05:10 Ziggurat
05:59 Tomb of Relics
07:46 Black Citadel
07:53 Slaughterhouse
08:38 Ziggurat
10:29 Sacrificial Pit
11:39 Boneyard
11:42 Boneyard
11:48 Boneyard
11:55 Ziggurat
12:11 Ziggurat
13:22 Spirit Tower
13:27 Spirit Tower
21:19 Ziggurat
21:30 Ziggurat
» items
WheresTheRum (
purple | 22 APM | 476 actions | 21:33)
3 Archmage
2 Summon Water Elemental
1 Brilliance Aura
» actions
| Assign group hotkey | 9 | |
| Build / train | 41 | |
| Enter build submenu | 12 | |
| Enter hero's abilities submenu | 3 | |
| Right click | 192 | |
| Select / deselect | 137 | |
| Select group hotkey | 37 | |
| Use ability | 45 | |
476 total
» units
» upgrades
| Gunpowder | 1 | |
| Lumber Harvesting | 1 | |
2 total
» buildings
| Altar of Kings | 1 | |
| Farm | 5 | |
| Arcane Vault | 1 | |
| Keep | 1 | |
| Lumber Mill | 1 | |
| Blacksmith | 1 | |
| Castle | 1 | |
| Workshop | 1 | |
| Arcane Sanctum | 1 | |
13 total
» build order
00:08 Altar of Kings
00:10 Farm
00:49 Farm
01:27 Arcane Vault
01:32 Farm
02:31 Keep
02:46 Lumber Mill
02:53 Blacksmith
04:02 Farm
04:48 Farm
04:53 Castle
04:57 Workshop
05:17 Arcane Sanctum
» items

»
jorgeroth (
orange | 31 APM | 740 actions | 23:38)
4 Shadow Hunter
2 Serpent Ward
2 Healing Wave
» actions
| Assign group hotkey | 2 | |
| Build / train | 50 | |
| Enter build submenu | 25 | |
| Enter hero's abilities submenu | 4 | |
| Remove unit from queue | 2 | |
| Right click | 323 | |
| Select / deselect | 208 | |
| Select group hotkey | 83 | |
| Use ability | 43 | |
740 total
» units
| Grunt | 12 | |
| Peon | 12 | |
| Troll Headhunter/Berserker | 1 | |
| Tauren | 13 | |
38 total
» upgrades
| Berserker Strength | 1 | |
| Melee Weapons | 1 | |
| Pulverize | 1 | |
3 total
» buildings
| Barracks | 3 | |
| War Mill | 2 | |
| Altar of Storms | 1 | |
| Orc Burrow | 6 | |
| Stronghold | 1 | |
| Voodoo Lounge | 1 | |
| Fortress | 1 | |
| Beastiary | 1 | |
| Tauren Totem | 2 | |
| Great Hall | 1 | |
19 total
» build order
00:13 Barracks
00:20 War Mill
01:19 Altar of Storms
01:39 Orc Burrow
03:12 Orc Burrow
03:46 Stronghold
04:22 Orc Burrow
05:36 Voodoo Lounge
07:25 Fortress
07:33 Beastiary
08:54 Orc Burrow
09:49 Tauren Totem
11:25 Tauren Totem
13:55 Barracks
14:00 Barracks
15:45 Orc Burrow
17:11 Orc Burrow
19:29 Great Hall
20:10 War Mill
team 2 (winner)

»
iceman6709 (
pink | 49 APM | 1151 actions | 23:38)
6 Blademaster
2 Wind Walk
3 Critical Strike
1 Bladestorm
3 Shadow Hunter
2 Healing Wave
1 Hex
1 Tauren Chieftain
1 Endurance Aura
» actions
| Assign group hotkey | 21 | |
| Basic commands | 18 | |
| Build / train | 58 | |
| Enter build submenu | 17 | |
| Enter hero's abilities submenu | 10 | |
| Right click | 271 | |
| Select / deselect | 254 | |
| Select group hotkey | 388 | |
| Use ability | 114 | |
1151 total
» units
| Peon | 9 | |
| Goblin Shredder | 1 | |
| Wind Rider | 10 | |
| Goblin Zeppelin | 1 | |
| Raider | 4 | |
| Troll Batrider | 1 | |
26 total
» upgrades
| Envenomed Spears | 1 | |
| Reinforced Defenses | 1 | |
| Ranged Weapons | 2 | |
| Armor | 2 | |
| Ensnare | 1 | |
7 total
» buildings
| Orc Burrow | 7 | |
| Altar of Storms | 1 | |
| War Mill | 1 | |
| Voodoo Lounge | 1 | |
| Stronghold | 1 | |
| Watch Tower | 2 | |
| Beastiary | 2 | |
| Fortress | 1 | |
| Great Hall | 2 | |
18 total
» build order
00:12 Orc Burrow
00:15 Altar of Storms
01:02 War Mill
01:16 Voodoo Lounge
02:25 Stronghold
03:06 Orc Burrow
03:09 Watch Tower
03:12 Watch Tower
04:12 Orc Burrow
04:20 Orc Burrow
04:56 Beastiary
05:05 Beastiary
06:31 Orc Burrow
10:06 Fortress
10:24 Orc Burrow
11:10 Great Hall
15:58 Great Hall
19:16 Orc Burrow
» items
| Healing Salve | 4 | |
| Scroll of Town Portal | 2 | |
| Orb of Lightning | 3 | |
| Lesser Clarity Potion | 1 | |
10 total

»
AUDUSD (
red | 70 APM | 1663 actions | 23:38)
5 Shadow Hunter
3 Healing Wave
2 Hex
2 Blademaster
1 Critical Strike
1 Mirror Image
» actions
| Assign group hotkey | 42 | |
| Basic commands | 30 | |
| Build / train | 62 | |
| Enter build submenu | 13 | |
| Enter hero's abilities submenu | 7 | |
| Right click | 523 | |
| Select / deselect | 227 | |
| Select group hotkey | 663 | |
| Use ability | 96 | |
1663 total
» units
| Peon | 8 | |
| Grunt | 9 | |
| Raider | 5 | |
| Troll Batrider | 4 | |
26 total
» upgrades
| Pillage | 1 | |
| Berserker Strength | 1 | |
| Ensnare | 1 | |
| Armor | 2 | |
| Melee Weapons | 2 | |
| Ranged Weapons | 1 | |
8 total
» buildings
| Orc Burrow | 5 | |
| Altar of Storms | 1 | |
| Barracks | 1 | |
| Voodoo Lounge | 1 | |
| Stronghold | 2 | |
| Beastiary | 2 | |
| War Mill | 1 | |
| Watch Tower | 2 | |
| Fortress | 2 | |
17 total
» build order
00:13 Orc Burrow
00:19 Altar of Storms
00:33 Barracks
01:28 Orc Burrow
01:54 Voodoo Lounge
03:06 Orc Burrow
04:35 Stronghold
07:12 Beastiary
07:14 Beastiary
07:54 Orc Burrow
08:42 War Mill
11:41 Watch Tower
11:45 Watch Tower
17:54 Orc Burrow
20:05 Fortress
» items
| Healing Salve | 3 | |
| Lesser Clarity Potion | 2 | |
| Scroll of Speed | 1 | |
| Scroll of Town Portal | 4 | |
| Potion of Mana | 2 | |
12 total
MUD_RIDN4-4 (
teal | 30 APM | 720 actions | 23:38)
3 Blood Mage
2 Flame Strike
1 Siphon Mana
» actions
| Basic commands | 1 | |
| Build / train | 49 | |
| Enter build submenu | 17 | |
| Enter hero's abilities submenu | 3 | |
| Right click | 332 | |
| Select / deselect | 268 | |
| Use ability | 50 | |
720 total
» units
| Peasant | 9 | |
| Footman | 9 | |
| Mortar Team | 14 | |
32 total
» upgrades
| Defend | 1 | |
| Lumber Harvesting | 2 | |
| Gunpowder | 3 | |
| Armor | 3 | |
| Fragmentation Shards | 1 | |
| Flare | 1 | |
11 total
» buildings
| Altar of Kings | 1 | |
| Farm | 9 | |
| Barracks | 1 | |
| Lumber Mill | 1 | |
| Blacksmith | 1 | |
| Keep | 1 | |
| Castle | 1 | |
| Workshop | 4 | |
19 total
» build order
00:06 Altar of Kings
00:09 Farm
00:12 Barracks
01:10 Farm
01:54 Farm
02:00 Farm
02:31 Lumber Mill
02:34 Blacksmith
03:49 Keep
05:40 Farm
05:42 Farm
05:43 Farm
06:23 Castle
07:46 Farm
07:48 Farm
07:58 Workshop
08:00 Workshop
08:06 Workshop
08:07 Workshop
238942374897239 (
green | 68 APM | 1619 actions | 23:39)
5 Blood Mage
3 Flame Strike
2 Siphon Mana
» actions
| Assign group hotkey | 107 | |
| Basic commands | 22 | |
| Build / train | 128 | |
| ESC pressed | 5 | |
| Enter build submenu | 62 | |
| Enter hero's abilities submenu | 5 | |
| Give item / drop item | 1 | |
| Right click | 514 | |
| Select / deselect | 315 | |
| Select group hotkey | 233 | |
| Use ability | 227 | |
1619 total
» units
| Peasant | 31 | |
| Goblin Shredder | 3 | |
| Goblin Sapper | 6 | |
| Goblin Zeppelin | 1 | |
41 total
» upgrades
» buildings
| Altar of Kings | 1 | |
| Farm | 4 | |
| Lumber Mill | 1 | |
| Scout Tower | 132 | |
| Arcane Tower | 6 | |
| Guard Tower | 66 | |
| Keep | 1 | |
| Town Hall | 3 | |
| Castle | 1 | |
| Blacksmith | 1 | |
| Arcane Sanctum | 1 | |
217 total
» build order
00:07 Altar of Kings
00:11 Farm
00:45 Farm
01:00 Lumber Mill
01:54 Farm
02:03 Scout Tower
02:04 Scout Tower
02:29 Arcane Tower
02:33 Guard Tower
02:38 Scout Tower
02:40 Scout Tower
02:47 Scout Tower
02:47 Scout Tower
03:16 Arcane Tower
03:16 Arcane Tower
03:27 Guard Tower
03:54 Arcane Tower
04:05 Guard Tower
04:16 Scout Tower
04:18 Scout Tower
04:48 Guard Tower
04:49 Scout Tower
04:51 Guard Tower
04:51 Guard Tower
04:52 Scout Tower
05:19 Keep
05:49 Guard Tower
06:06 Town Hall
06:08 Scout Tower
06:09 Scout Tower
06:10 Scout Tower
06:10 Scout Tower
06:13 Scout Tower
06:17 Scout Tower
06:17 Scout Tower
06:19 Scout Tower
06:30 Scout Tower
06:30 Scout Tower
06:31 Scout Tower
06:31 Scout Tower
06:38 Arcane Tower
06:58 Farm
07:28 Guard Tower
07:30 Guard Tower
07:36 Guard Tower
07:42 Arcane Tower
07:56 Guard Tower
07:58 Scout Tower
07:58 Scout Tower
08:14 Castle
08:16 Guard Tower
08:17 Guard Tower
08:17 Guard Tower
08:20 Guard Tower
08:28 Guard Tower
08:29 Guard Tower
08:32 Scout Tower
08:32 Scout Tower
08:34 Guard Tower
08:34 Guard Tower
08:34 Guard Tower
08:43 Scout Tower
08:44 Scout Tower
09:08 Guard Tower
09:10 Scout Tower
09:10 Scout Tower
09:50 Guard Tower
09:52 Scout Tower
09:53 Scout Tower
10:20 Scout Tower
10:20 Scout Tower
10:20 Scout Tower
10:21 Scout Tower
10:21 Scout Tower
10:22 Scout Tower
10:22 Scout Tower
10:22 Scout Tower
10:22 Scout Tower
10:23 Scout Tower
10:23 Scout Tower
10:25 Guard Tower
10:27 Scout Tower
10:27 Scout Tower
10:28 Scout Tower
10:28 Scout Tower
10:30 Guard Tower
10:31 Scout Tower
10:32 Scout Tower
10:49 Blacksmith
10:52 Guard Tower
10:52 Guard Tower
11:05 Guard Tower
11:30 Scout Tower
11:30 Scout Tower
11:59 Guard Tower
12:14 Guard Tower
12:15 Guard Tower
12:46 Guard Tower
12:48 Guard Tower
12:48 Guard Tower
12:57 Guard Tower
13:15 Guard Tower
13:28 Scout Tower
13:28 Scout Tower
13:32 Scout Tower
13:32 Scout Tower
13:34 Guard Tower
13:45 Scout Tower
13:45 Scout Tower
13:45 Scout Tower
13:47 Guard Tower
14:04 Guard Tower
14:06 Scout Tower
14:07 Scout Tower
14:13 Guard Tower
14:15 Scout Tower
14:16 Scout Tower
14:16 Scout Tower
14:18 Guard Tower
14:20 Scout Tower
14:20 Scout Tower
14:20 Scout Tower
14:20 Scout Tower
14:21 Scout Tower
14:21 Scout Tower
14:51 Guard Tower
15:10 Guard Tower
15:23 Guard Tower
15:39 Guard Tower
15:40 Scout Tower
15:41 Scout Tower
15:41 Scout Tower
15:41 Scout Tower
15:44 Guard Tower
15:45 Scout Tower
15:45 Scout Tower
15:50 Scout Tower
15:50 Scout Tower
15:50 Scout Tower
15:50 Scout Tower
15:51 Scout Tower
15:52 Guard Tower
16:42 Guard Tower
16:44 Scout Tower
16:44 Scout Tower
16:45 Scout Tower
16:45 Scout Tower
16:47 Guard Tower
16:51 Scout Tower
16:52 Scout Tower
16:52 Scout Tower
16:52 Scout Tower
16:52 Scout Tower
16:53 Scout Tower
17:06 Scout Tower
17:06 Scout Tower
17:06 Scout Tower
17:06 Scout Tower
17:07 Scout Tower
17:07 Scout Tower
17:07 Scout Tower
17:08 Scout Tower
17:08 Scout Tower
17:08 Scout Tower
17:09 Scout Tower
17:09 Scout Tower
17:09 Scout Tower
17:11 Guard Tower
17:14 Scout Tower
17:14 Scout Tower
17:15 Scout Tower
17:15 Scout Tower
17:29 Guard Tower
17:33 Guard Tower
17:48 Guard Tower
17:51 Scout Tower
18:19 Guard Tower
18:21 Arcane Sanctum
18:56 Guard Tower
18:58 Scout Tower
18:58 Scout Tower
18:58 Scout Tower
18:59 Scout Tower
18:59 Scout Tower
19:02 Guard Tower
19:06 Guard Tower
19:06 Guard Tower
19:26 Guard Tower
19:53 Town Hall
19:59 Scout Tower
19:59 Scout Tower
20:00 Scout Tower
20:00 Scout Tower
20:14 Guard Tower
20:29 Guard Tower
20:29 Guard Tower
21:01 Guard Tower
21:03 Scout Tower
21:03 Scout Tower
21:04 Scout Tower
21:04 Scout Tower
21:04 Scout Tower
21:15 Town Hall
21:20 Guard Tower
21:22 Scout Tower
21:22 Scout Tower
22:03 Guard Tower
22:09 Guard Tower
» items
| Lesser Clarity Potion | 2 | |
| Healing Salve | 2 | |
4 total
Chat log
(00:16 / Allies) MUD_RIDN4-4: plan?
(00:16 / All) GIMME_BLUMPKIN: OSAMA BIN LADIN IS DEAD!!!!!!!!!!!!!!!!!!!!!!!!!!!!!!!!!!!!
(00:19 / All) GIMME_BLUMPKIN: FUCK THAT MNA
(00:20 / All) 238942374897239: what kind of a name is jorge roth?
(00:23 / All) 238942374897239: mexican jew?
(00:35 / All) jorgeroth: lol
(00:40 / All) GIMME_BLUMPKIN: OSAMA IS DEAD EVERYONE!!
(00:48 / All) MUD_RIDN4-4: what kind of name is......your bunch of numbers
(01:09 / All) GIMME_BLUMPKIN: LET ME GUESS NO ONE IS AMERICAN
(01:15 / All) MUD_RIDN4-4: eh no i'm american
(01:17 / All) 238942374897239: noone gives a shit about osama
(01:22 / All) 238942374897239: he hsnt done anything in 20 years
(01:28 / All) MUD_RIDN4-4: 10
(01:31 / All) GIMME_BLUMPKIN: DUDE HE FUCKING KILLED 3000 PEOPLE
(01:33 / All) iceman6709: im watching it on tv now, bout time
(01:38 / Allies) AUDUSD: I will mass melee
(01:40 / All) WheresTheRum: lol
(01:42 / All) MUD_RIDN4-4: so when was he found
(01:42 / All) GIMME_BLUMPKIN: DUDE UR NOT AMERICAN
(01:44 / All) KillaManJahRo: he didn't kill no 3k ppl u fuck
(01:55 / All) KillaManJahRo: george bush did
(02:00 / All) WheresTheRum: really?
(02:10 / All) WheresTheRum: ur retarded blue
(02:17 / All) MUD_RIDN4-4: no duh
(02:24 / All) KillaManJahRo: lol
(02:40 / All) KillaManJahRo: he never claimed it was him u dumbass
(02:46 / All) GIMME_BLUMPKIN: FUCKING USA ALL THE WAY
(02:50 / Allies) iceman6709: green
(02:52 / All) KillaManJahRo: nor can they prove it was him
(02:53 / Allies) iceman6709: blue just ran past u
(03:12 / All) GIMME_BLUMPKIN: FUCK DAT THEY GOT THAT NIGGA
(03:41 / Allies) MUD_RIDN4-4: im gettin tanks
(04:37 / All) GIMME_BLUMPKIN: OBAMA IS SPEAKING
(05:43 / Allies) iceman6709: gj red
(07:39 / All) WheresTheRum: ur just too dumb to play blue
(08:01 / All) KillaManJahRo: says the idiot on the end base that techs wit no d
(08:23 / All) 238942374897239: there are no end bases on this map
(08:25 / All) WheresTheRum: i had allies they were my d before u decided not to come till all my stuff was gone moron
(08:27 / All) 238942374897239: theyre all equally accessible
(12:19 / All) KillaManJahRo: next time asshole some units before u tech
(12:26 / All) 238942374897239: why it owrked out foine for me
(12:42 / Allies) iceman6709: watch him get opwned
(12:49 / Allies) 238942374897239: wood pls
(13:06 / Allies) MUD_RIDN4-4: heal
(13:13 / Allies) AUDUSD: b
(13:16 / Allies) AUDUSD: b
(13:16 / All) WheresTheRum: blue just sucks we cant win
(13:27 / All) WheresTheRum: nice job losing it for us noob blue
(14:01 / All) WheresTheRum: cuz u dumbass's didnt come and defend my town
(14:13 / All) GIMME_BLUMPKIN: I DID BRO
(14:14 / All) MUD_RIDN4-4: dont be mad
(14:28 / All) MUD_RIDN4-4: fast consecutive rushes are hard to counter
(14:42 / All) KillaManJahRo: man shut up, u fucking suck
(14:50 / All) KillaManJahRo: did nothing but slow the team down
(14:59 / All) WheresTheRum: lol
(15:18 / All) 238942374897239: the one that made u guys team lose is the guyw ith the blademaster
(15:20 / All) 238942374897239: that guy was a total jerk
(15:40 / Allies) iceman6709: gold me green
(16:02 / All) WheresTheRum: yeah thatys blue
(16:54 / Allies) iceman6709: who needs wood?
(17:00 / Allies) 238942374897239: me
(17:26 / All) AUDUSD: I love you guys
(17:43 / Allies) 238942374897239: back up to the towers man
(17:45 / Allies) 238942374897239: why suicide
(18:46 / All) WheresTheRum: lol u just got owned blue
(19:01 / All) WheresTheRum: that shows how well u know how to use that bm
(19:07 / All) KillaManJahRo: umm, where is ur base purp?
(19:19 / All) KillaManJahRo: enough said
(19:43 / All) KillaManJahRo: thats game
(21:08 / Allies) AUDUSD: get this mine
(21:30 / All) WheresTheRum: gg yellow oj and blue suck
(21:39 / All) 238942374897239: bunch of quittesr on you guys team
(21:43 / All) 238942374897239: negative attitude all game
(23:33 / All) jorgeroth: gg